Map: Pillars of Gold LE

Players

MèoMáiKà (MeomaikA) - Winner!

  • Race: Zerg Zerg
  • League: Grandmaster
  • Spawn Location: 1:00

Seither

  • Race: Terran Terran
  • League: Grandmaster
  • Spawn Location: 7:00

Event: DreamHack SC2 Masters 2020 Winter

VOD

Have the link to the VOD?

Description

Time

  • Played on: Oct. 22, 2020, 5:34 a.m.
  • Length: 8:06

All games in this series

Show
View Real Time Build Order
Export as new Build Order

MèoMáiKà Zerg - Winner!

Build Orders: Pool First 

Get SALT Encoding   

  12  0:00  Drone  
  13  0:08  Drone  
  14  0:17  Overlord  
  14  0:25  Drone, Extractor  
  15  0:36  Drone x2  
  17  0:45  Spawning Pool  
  17  0:49  Drone  
  17  1:10  Hatchery  
  16  1:12  Extractor  
  16  1:14  Drone  
  16  1:18  Drone  
  17  1:32  Zergling x4  
  19  1:35  Queen  
  19  1:39  Drone  
  22  1:48  Overlord  
  22  2:07  Drone  
  23  2:11  Queen  
  23  2:13  Metabolic Boost  
  25  2:21  Queen  
  25  2:22  Drone  
  28  2:26  Drone  
  28  2:29  Drone  
  30  2:34  Drone  
  31  2:39  Spore Crawler  
  29  2:45  Drone x2  
  32  2:52  Lair  
  32  2:56  Drone  
  33  3:00  Drone  
  33  3:01  Drone  
  35  3:15  Drone  
  35  3:16  Overlord  
  34  3:27  Pneumatized Carapace  
  34  3:29  Zergling x4  
  34  3:30  Overlord  
  34  3:34  Overlord  
  36  3:35  Zergling x4  
  36  3:36  Zergling x2  
  36  3:38  Zergling x4  
  36  3:41  Zergling x2  
  41  3:57  Queen, Zergling x6  
  41  3:59  Zergling x4  
  41  4:01  Zergling x2  
  49  4:04  Zergling x4  
  49  4:07  Zergling x2  
  52  4:10  Zergling x2  
  52  4:11  Zergling x2  
  52  4:16  Zergling x2  
  54  4:20  Zergling x2  
  54  4:21  Queen  
  57  4:25  Overlord  
  57  4:30  Zergling x2  
  58  4:35  Zergling x2  
  58  4:37  Overlord  
  59  4:42  Overlord  
  58  4:58  Zergling x2  
  56  5:11  Zergling x2  
  56  5:12  Zergling x10  
  54  5:15  Zergling x2  
  54  5:16  Zergling x2  
  54  5:18  Queen x2  
  54  5:19  Zergling x2  
  58  5:22  Zergling x2  
  58  5:25  Zergling x2  
  58  5:26  Nydus Network  
  59  5:33  Drone  
  60  5:38  Zergling x2  
  61  5:44  Drone  
  61  5:47  Drone  
  63  5:54  Queen  
  63  5:55  Zergling x2  
  63  5:56  Queen, Zergling x4  
  70  5:57  Overlord  
  69  6:06  Nydus Canal  
  69  6:08  Zergling x8  
  69  6:16  Zergling x2  
  70  6:19  Zergling x2  
  70  6:23  Zergling x2  
  70  6:24  Zergling x2  
  70  6:26  Zergling x4  
  70  6:27  Overseer  
  70  6:29  Zergling x4  
  70  6:30  Zergling x2  
  71  6:33  Zergling x2  
  71  6:34  Zergling x2  
  65  6:43  Zergling x4  
  65  6:44  Queen  
  65  6:45  Spore Crawler  
  57  6:53  Zergling x2  
  48  6:54  Zergling x2  
  48  6:55  Zergling x2  
  48  6:57  Zergling x2  
  48  7:00  Zergling x2  
  47  7:05  Zergling x2  
  47  7:08  Zergling x2  
  47  7:09  Overseer  
  45  7:17  Spore Crawler  
  45  7:20  Zergling x2  
  36  7:41  Drone x2  
  34  7:46  Drone  
Show
View Real Time Build Order
Export as new Build Order

Seither Terran 

Build Orders: Reaper Expand, Hellion Banshee 

Get SALT Encoding   

  12  0:00  SCV  
  13  0:12  SCV  
  14  0:17  Supply Depot  
  14  0:24  SCV  
  15  0:39  SCV  
  15  0:40  Barracks  
  16  0:45  Refinery  
  16  0:51  SCV  
  17  1:03  SCV  
  18  1:15  SCV  
  19  1:27  Orbital Command  
  19  1:28  Reaper  
  20  1:43  Command Center  
  20  1:54  SCV  
  20  1:55  Supply Depot  
  20  2:00  Marine  
  22  2:06  SCV  
  23  2:11  Factory  
  22  2:19  SCV, Refinery  
  22  2:22  Barracks Reactor  
  23  2:31  SCV  
  24  2:44  SCV  
  25  2:56  SCV  
  26  3:05  Marine x2  
  26  3:07  Hellion  
  26  3:08  SCV  
  29  3:13  Starport  
  29  3:14  Orbital Command  
  29  3:20  SCV  
  29  3:32  SCV  
  30  3:38  Barracks Tech Lab, Hellion x2  
  34  3:43  SCV  
  34  3:44  SCV  
  36  3:52  Supply Depot  
  36  4:00  SCV  
  37  4:03  SCV  
  37  4:05  Hellion x2  
  37  4:07  Banshee  
  45  4:16  SCV  
  45  4:17  SCV  
  46  4:25  Supply Depot, Cloaking Field  
  46  4:29  SCV x2  
  48  4:33  Barracks Tech Lab  
  48  4:41  SCV x2  
  50  4:47  Command Center  
  50  4:50  Banshee  
  53  4:58  Hellion x2  
  57  5:00  SCV  
  54  5:20  Orbital Command  
  54  5:33  Armory  
  54  5:42  Supply Depot  
  54  5:44  Orbital Command  
  54  5:50  Marine, Banshee  
  54  5:51  SCV, Hellion  
  61  6:03  SCV  
  61  6:04  Hellion  
  64  6:11  Marine  
  65  6:15  SCV  
  56  6:27  Hellion  
  56  6:28  Hellion  
  43  6:39  SCV  
  35  6:41  Banshee  
  24  6:49  Hellion  
  24  6:51  SCV  
  23  6:56  Marauder  
  9  7:22  Orbital Command  
Tags
 
Add a new tag
Caveats
  • Supply blocks, unpowered buildings, or Contaminate may cause inaccurate times.
  • Supply counts are checked every 10 seconds.